 Dungeon Crawl Stone Soup version 0.26-a0-259-g1effd001a9 (webtiles) character file.

Game seed: 16915497172588972118

172 Lugonue the Skirmisher (level 5, -1/28 HPs)
             Began as a Vine Stalker Fighter on July 23, 2020.
             Killed by divine providence
             ... invoked by an orc priest
              (12 damage)
             ... on level 3 of the Dungeon.
             The game lasted 00:03:03 (2050 turns).

Lugonue the Skirmisher (Vine Stalker Fighter)       Turns: 2050, Time: 00:03:04

Health: -1/28      AC:  9    Str: 18    XL:     5   Next: 53%
Magic:  0/6        EV:  7    Int:  9    God:
Gold:   99         SH:  9    Dex: 14    Spells: 4/4 levels left

rFire    . . .     SeeInvis .   a - +0 trident
rCold    . . .     Faith    .   c - +0 kite shield
rNeg     . . .     Spirit   +   b - +0 scale mail
rPois    .         Reflect  .   (no helmet)
rElec    .         Harm     .   l - +0 cloak
rCorr    .                      k - +0 pair of gloves
MR       .....                  (no boots)
Stlth    ..........             (no amulet)
HPRegen  0.49/turn              (no ring)
MPRegen  0.10/turn              (no ring)

@: no status effects
A: fangs 2, regeneration 1, magic shield, antimagic bite, no potion heal 3, rot
immunity
a: no special abilities


You were on level 3 of the Dungeon.
You were not hungry.

You visited 1 branch of the dungeon, and saw 3 of its levels.

You collected 99 gold pieces.

Inventory:

Hand Weapons
 a - a +0 trident (weapon)
Armour
 b - a +0 scale mail (worn)
 c - a +0 kite shield (worn)
 k - a +0 pair of gloves (worn)
 l - a +0 cloak (worn)
Jewellery
 s - an uncursed ring of positive energy {unknown}
Scrolls
 e - 4 scrolls of identify {unknown}
 i - 3 scrolls of random uselessness {unknown}
 j - 3 scrolls of remove curse {unknown}
 n - a scroll of magic mapping {unknown}
 o - a scroll of teleportation {unknown}
 p - a scroll of fear {unknown}
 t - a scroll of fog {unknown}
Potions
 d - 2 potions of might
 g - 3 potions of degeneration {unknown}
 h - 2 potions of lignification {unknown}
 m - a potion of mutation {unknown}
 q - a potion of curing {unknown}
 r - 2 potions of ambrosia {unknown}
 u - 2 potions of cancellation {unknown}
Comestibles
 f - 11 rations


   Skills:
 + Level 3.6 Fighting
 + Level 2.9 Polearms
 + Level 3.1 Armour
 + Level 0.8 Dodging
 + Level 3.4 Shields


You had 4 spell levels left.
You didn't know any spells.
Your spell library was empty.

Dungeon Overview and Level Annotations

Branches:
Dungeon (3/15)

Altars:
Makhleb
Nemelex Xobeh
Zin


Innate Abilities, Weirdness & Mutations

You have extremely sharp teeth.
Your natural rate of healing is unusually fast.
When hurt, damage is shared between your health and your magic reserves.
Your bite disrupts and absorbs the magic of your enemies.
Potions cannot restore your health.
You are immune to rotting.


Message History

Beogh smites you!
Attack whom?
Press: ? - help, Dir - move target cursor, f - orc
Aim: an orc, wielding a +0 whip You reach to attack!
You hit the orc.
The orc is almost dead.
You hit the orc.
You kill the orc!
The orc priest calls down the wrath of Beogh upon you.
Beogh smites you!
You are too injured to fight recklessly!
Things that are here:
a +0 club; a cursed +0 leather armour; an orc corpse The orc priest hits you with a +0 morningstar.
Things that are here:
a +0 club; a cursed +0 leather armour; an orc corpse You closely miss the orc priest.
The orc priest calls down the wrath of Beogh upon you.
Beogh smites you!
You die...

.######............+.............
......'............#.............
#######..>.........#.........##.#
.......<....###.##...............
######....### #.##....#######.#.#
######....# #.###.#.#...# #.#.#
.....'...)# #.# #...#.#.# #.#.#
######....#####.####..#.#.# #.#.#
######..........@..)..#.#.###.#.#
.......(..#####o#####.#.#.#.....#
...)......# #.##..o...........#
..........#####.##.###.##.......#
..........##...(...#....+...###.#
.......#####....####.#..#...# #.#
#......# #..... ...##.##+####.#
#......# #.....### #....o.....
#......# #.....# #..........


You could see an orc priest.

Vanquished Creatures
  Jessica (D:3)
  A gnoll (D:1)
  5 adders (D:2)
  2 oozes
  2 worms
  4 dart slugs
  A leopard gecko (D:1)
  2 orcs (D:3)
  A ball python (D:2)
  7 bats
  A giant cockroach (D:2)
  7 goblins
  4 hobgoblins
  6 jackals
  3 quokkas
  2 frilled lizards
  9 kobolds
  5 rats
63 creatures vanquished.

Notes
Turn   | Place    | Note
-------+----------+-------------------------------------------
     0 | D:1      | Lugonue the Vine Stalker Fighter began the quest for the
                  | Orb.
     0 | D:1      | Reached XP level 1. HP: 11/11 MP: 2/2
   101 | D:1      | Reached XP level 2. HP: 13/16 MP: 3/3
   240 | D:1      | Reached XP level 3. HP: 20/20 MP: 4/4
   993 | D:2      | Gained mutation: Your natural rate of healing is unusually
                  | fast. [Vine Stalker growth]
   993 | D:2      | Reached XP level 4. HP: 24/24 MP: 5/5
  1131 | D:2      | Found a burning altar of Makhleb.
  1190 | D:2      | Found a sparkling altar of Nemelex Xobeh.
  1300 | D:2      | Found a glowing silver altar of Zin.
  1367 | D:2      | Reached XP level 5. HP: 28/28 MP: 6/6
  1799 | D:3      | Noticed Jessica
  1812 | D:3      | Killed Jessica
  2050 | D:3      | Killed from afar by an orc priest

Illustrated notes

Levels and vault maps discovered:
D:1:      wander_arrival_lonely_grave, layout_basic
D:2:      layout_basic, old_standard_altar, nicolae_overflow_hidden_temple,
          first_ration, minmay_liquid_box
D:3:      layout_basic, minmay_misc_feat_doors, uniq_jessica

Skill      XL: |  1  2  3 |
---------------+----------+-----
Fighting       | 3 |  3.6
Shields        | 3 |  3.4
Polearms       | 2 |  2.9
Armour         | 3 |  3.1
Dodging        | |  0.8

Action                   |  1- 3 |  4- 6 || total
-------------------------+-------+-------++-------
Melee: Trident           |   107 |   128 ||   235
       Bite              |    16 |    31 ||    47
  Eat: Ration            |       |     1 ||     1
Armor: Scale mail        |    39 |    56 ||    95
Dodge: Dodged            |    31 |    31 ||    62
Block: Kite shield       |    46 |    52 ||    98

Table legend:
 A = Non-vault XP
 B = Vault XP
 C = Vault XP percentage of total XP
 D = Non-vault monster count
 E = Vault monster count
 F = Vault count percentage of total count
                 A         B        C        D         E       F
            +---------+---------+-------+---------+---------+-------
      Total |     210 |      37 |  15.0 |      62 |       1 |   1.6
            +---------+---------+-------+---------+---------+-------
        D:1 |      60 |       0 |   0.0 |      25 |       0 |   0.0
        D:2 |     108 |       0 |   0.0 |      21 |       0 |   0.0
        D:3 |      42 |      37 |  46.8 |      16 |       1 |   5.9
            +---------+---------+-------+---------+---------+-------
